 Dungeon Crawl Stone Soup version 0.23.1 (webtiles) character file.

Game seed: 0

46400 ohad the Black Belt (level 14, -1/118 HPs)
             Began as an Octopode Transmuter on Mar 1, 2019.
             Was an Initiate of Gozag.
             Slain by a hornet (14 damage)
             ... on level 6 of the Lair of Beasts.
             The game lasted 01:04:02 (27339 turns).

ohad the Black Belt (Octopode Transmuter)          Turns: 27339, Time: 01:04:04

Health: -1/118     AC:  7    Str: 10    XL:     14   Next: 37%
Magic:  21/24      EV: 15    Int: 23    God:    Gozag
Gold:   1963       SH:  0    Dex: 13    Spells: 13/27 levels left

rFire    . . .     SeeInvis .     - Unarmed
rCold    + + +     Gourm    .   (shield currently unavailable)
rNeg     + + .     Faith    +   (helmet currently unavailable)
rPois    +         Spirit   .   m - amulet of faith
rElec    .         Reflect  .   e - ring of protection from cold
rCorr    .         Harm     .   F - ring of positive energy
MR       +....                  C - ring of protection from cold (curse)
Stlth    ++++......             M - ring of Ychobeush {+Inv rF+ rN+ Int+4}
HPRegen  0.29/turn              l - ring of poison resistance
MPRegen  0.19/turn              (no ring)
                                (no ring)
                                (no ring)

@: ice-form, gold aura
A: large, almost no armour, stealthy swim, amphibious, 8 rings, (constrict 8)
a: End Transformation, Potion Petition, Call Merchant, Bribe Branch, Renounce
Religion, Evoke Invisibility


You were on level 6 of the Lair of Beasts.
You worshipped Gozag.
Gozag was most pleased with you.
You were very hungry.
You were a creature of crystalline ice.
You visited 3 branches of the dungeon, and saw 18 of its levels.

You collected 4406 gold pieces.
You spent 1255 gold pieces at shops.
You paid 1188 gold pieces to Gozag.

Inventory:

Hand Weapons
 j - a +4 dagger
Missiles
 a - 163 arrows
 b - 82 poisoned needles
 v - 2 throwing nets (quivered)
 G - 5 tomahawks of returning
Armour
 f - a +0 buckler
 t - a +0 shield
 A - a +0 shield
Magical Staves
 w - an uncursed staff of poison {unknown}
Jewellery
 e - a ring of protection from cold (left front paw)
 l - a ring of poison resistance (on tentacle)
 m - an amulet of faith (around neck)
 q - an uncursed ring of positive energy
 s - an uncursed ring of positive energy
 C - a cursed ring of protection from cold (on tentacle)
 F - a ring of positive energy (right front paw)
 J - an uncursed ring of resist corrosion {unknown}
 M - the ring of Ychobeush (on tentacle) {+Inv rF+ rN+ Int+4}
   (You bought it in a shop on level 1 of the Lair of Beasts)

   [ring of protection from fire]

   It affects your intelligence (+4).
   It protects you from fire.
   It protects you from negative energy.
   It lets you turn invisible.
 S - a +3 ring of slaying {unknown}
Wands
 d - a wand of random effects (35)
 k - a wand of iceblast (28)
 B - a wand of polymorph (1)
 K - a wand of acid (11)
 N - a wand of digging (5)
Scrolls
 g - 4 scrolls of amnesia
 h - 5 scrolls of teleportation
 o - 5 scrolls of remove curse
 r - 5 scrolls of fear {unknown}
 x - 4 scrolls of magic mapping
 y - a scroll of silence
 D - a scroll of enchant weapon
 O - a scroll of vulnerability {unknown}
 R - a scroll of fog {unknown}
Potions
 i - 4 potions of flight
 n - 5 potions of resistance
 p - a potion of lignification
 u - 3 potions of mutation
 z - a potion of curing
 E - a potion of cancellation
 I - a potion of magic
 L - a potion of brilliance
 P - a potion of agility
 Q - a potion of ambrosia
Miscellaneous
 H - a phantom mirror
Comestibles
 c - 3 rations


   Skills:
 - Level 10.0 Fighting
 - Level 9.8 Dodging
 - Level 8.3 Stealth
 + Level 15.9 Unarmed Combat
 - Level 7.1 Spellcasting
 - Level 7.2 Transmutations
 - Level 4.5 Ice Magic


You had 13 spell levels left.
You knew the following spells:

 Your Spells              Type           Power        Failure   Level  Hunger
a - Blade Hands           Tmut           #####.....   11%         5    #####..
b - Sticks to Snakes      Tmut           #####...     1%          2    None
c - Spider Form           Tmut/Pois      ###.......   5%          3    None
d - Ice Form              Ice/Tmut       #####...     7%          4    ###....

Your spell library contained the following spells:

 Spells                   Type           Power        Failure   Level  Hunger
 Beastly Appendage        Tmut           #####.       1%          1    None
 Passwall                 Tmut/Erth      ###.....     2%          2    None
 Corona                   Hex            #......      8%          1    None
 Sandblast                Erth           #.....       8%          1    None
 Slow                     Hex            #.......     12%         2    None
 Throw Flame              Conj/Fire      #.....       12%         2    None
 Petrify                  Tmut/Erth      ###.....     17%         4    ###....
 Inner Flame              Hex/Fire       #.......     22%         3    None
 Portal Projectile        Hex/Tloc       #.....       22%         3    None
 Stone Arrow              Conj/Erth      #.....       22%         3    None
 Cause Fear               Hex            #.........   58%         4    ###....
 Leda's Liquefaction      Hex/Erth       #.........   58%         4    ###....
 Lee's Rapid Deconstruct  Erth           #.........   91%         5    #####..
 Venom Bolt               Conj/Pois      #.........   91%         5    #####..
 Bolt of Cold             Conj/Ice       ###.......   99%         6    ######.


Dungeon Overview and Level Annotations

Branches:
Dungeon (11/15)            Temple (1/1) D:5            Lair (6/6) D:9
 Shoals (0/4) Lair:4        Snake (0/4) Lair:2        Slime (0/5) Lair:6
    Orc (0/2) D:11

Altars:
Ashenzari
Cheibriados
Dithmenos
Elyvilon
Fedhas
Gozag
Hepliaklqana
Kikubaaqudgha
Makhleb
Okawaru
Qazlal
Ru
Sif Muna
Trog
Uskayaw
Xom
Yredelemnul
The Shining One

Shops:
D:5 =   Lair:1 =

Annotations:
Lair:1 exclusion: 5 oklob plants


Innate Abilities, Weirdness & Mutations

You cannot wear most types of armour.
You are very stealthy in the water. (Stealth+)
You are amphibious.
You can wear up to eight rings at the same time.
((You can use your tentacles to constrict eight enemies at once.))
((Your skin changes colour to match your surroundings (Stealth+).))
((Your rubbery body absorbs attacks. (AC +1, EV +1)))


Message History

You feel yourself speed up. The hornet closely misses you.
The hornet barely misses you. The hornet misses you.
The hornet completely misses you. The hornet barely misses you.
You barely miss the hornet.
The hornet is almost dead.
The hornet closely misses you. The hornet completely misses you.
Unknown command.
You punch the hornet! You freeze the hornet.
You kill the hornet!
Your life force feels restored.
The hornet misses you.
Unknown command.
You hit the hornet. You freeze the hornet.
The hornet is lightly wounded.
The spriggan hits you with a cursed -1 short sword!
* * * LOW HITPOINT WARNING * * *
The hornet stings you!
You die...
Your body crumbles into a pile of gold.

♣♣♣)♣♣♣..
♣♣.P.#...
♣....♣.♣
♣.#.#...
♣.....♣
♣♣###...
♣♣..♣.♣♣
♣......
♣.♣♣♣.♣
♣♣.....
♣..♣ ♣.♣♣
♣♣....
♣..♣ ♣..♣
♣...#
♣.♣♣ ♣♣y♣
$ ♣♣♣##
♣. ♣Y♣
♣.### ♣.
♣♣i♣
♣..## ♣♣.
♣.$♣
♣.###
♣..♣♣.♣♣
♣♣.# #
♣.....♣
♣♣..##
♣♣...♣♣
♣♣...P##
♣...♣
♣......#
♣.....
♣♣......
♣.....
♣......#


You could see a hornet and a spriggan.

Vanquished Creatures
  Josephine (D:11)
  4 hydras
  Harold (D:8)
  2 two-headed ogres
  A cyclops (D:8)
  8 elephants
  3 black mambas
  2 molten gargoyles (Lair:5)
  9 spiny frogs
  Maurice (D:10)
  A centaur zombie (D:8)
  3 rime drakes
  8 komodo dragons
  5 polar bears
  A hornet (Lair:6)
  A slime creature (Lair:6)
  25 blink frogs
  11 hippogriffs
  5 spriggans (Lair:6)
  3 fire bats (Lair:1)
  5 wraiths
  2 basilisks
  A wyvern (Lair:6)
  Grum (D:8)
  50 yaks
  2 nagas (Lair:2)
  10 water moccasins
  10 porcupines
  A hornet zombie (D:9)
  2 sky beasts
  2 phantoms
  4 orc warriors
  2 ice beasts
  5 black bears
  40 wolves
  5 ogres
  5 centaurs
  11 crocodiles
  2 big kobolds
  A gnoll sergeant (D:6)
  8 bullfrogs
  2 scorpions
  8 wights
  6 crimson imps
  2 bullfrog zombies
  A quasit (D:8)
  5 hounds
  5 lava snakes (Lair:5)
  4 orc priests
  A bullfrog skeleton (D:9)
  3 centaur skeletons
  6 jellies
  7 orc wizards
  3 iguanas
  11 worker ants
  A hound zombie (D:7)
  3 hound skeletons
  Robin (D:2)
  A worker ant zombie (D:8)
  11 adders
  10 gnolls
  A howler monkey skeleton (D:6)
  2 shadow imps
  An adder zombie (D:9)
  3 adder skeletons
  3 dart slugs
  2 worms (D:3)
  8 leopard geckos
  25 orcs
  6 bats
  2 giant cockroaches (D:1)
  12 goblins
  14 hobgoblins
  2 jackals (D:1)
  2 quokkas
  A ball python (D:1)
  5 frilled lizards
  A jackal skeleton (D:5)
  16 kobolds
  2 quokka skeletons
  A quokka zombie (D:6)
  4 rats
468 creatures vanquished.

Vanquished Creatures (collateral kills)
  A hydra (Lair:5)
  A black mamba (Lair:6)
  A phantom (D:6)
  A jelly (Lair:6)
  A shadow imp (D:9)
  A hobgoblin (D:2)
6 creatures vanquished.

Vanquished Creatures (others)
  7 fungi
  18 plants
25 creatures vanquished.

Grand Total: 499 creatures vanquished

Notes
Turn   | Place    | Note
-------+----------+-------------------------------------------
     0 | D:1      | ohad the Octopode Transmuter began the quest for the Orb.
     0 | D:1      | Reached XP level 1. HP: 13/13 MP: 3/3
    97 | D:1      | Reached XP level 2. HP: 13/18 MP: 3/5
   771 | D:1      | Reached XP level 3. HP: 17/23 MP: 3/6
   783 | D:1      | Learned a level 2 spell: Sticks to Snakes
   787 | D:1      | Learned a level 3 spell: Spider Form
  1042 | D:2      | Noticed Robin
  1337 | D:2      | HP: 1/23 [Robin/+0 spear (6)]
  1805 | D:2      | Killed Robin
  1805 | D:2      | Reached XP level 4. HP: 26/28 MP: 4/8
  1914 | D:2      | Found a glowing golden altar of the Shining One.
  2057 | D:2      | Found a hazy altar of Hepliaklqana.
  2423 | D:2      | Found a bloodstained altar of Trog.
  2444 | D:2      | Reached XP level 5. HP: 26/33 MP: 8/10
  2466 | D:2      | Learned a level 4 spell: Ice Form
  3136 | D:3      | Reached skill level 1 in Ice Magic
  3311 | D:3      | Found a shimmering altar of Xom.
  3316 | D:3      | Found a deep blue altar of Sif Muna.
  3644 | D:3      | Found a snail-covered altar of Cheibriados.
  4151 | D:4      | Reached XP level 6. HP: 5/38 MP: 8/11
  4457 | D:4      | Found a sacrificial altar of Ru.
  4979 | D:4      | Reached XP level 7. HP: 43/43 MP: 3/12
  5615 | D:5      | Entered Level 5 of the Dungeon
  5647 | D:5      | Found Vuasm's Jewellery Shoppe.
  5916 | D:5      | Found a staircase to the Ecumenical Temple.
  6091 | D:5      | Reached skill level 4 in Unarmed Combat
  6258 | Temple   | Entered the Ecumenical Temple
  6276 | Temple   | Became a worshipper of Gozag Ym Sagoz the Greedy
  6484 | D:6      | Reached skill level 5 in Unarmed Combat
  6492 | D:6      | Reached XP level 8. HP: 48/48 MP: 9/13
  6597 | D:6      | Found a blossoming altar of Fedhas.
  6828 | D:6      | Reached skill level 6 in Unarmed Combat
  7270 | D:6      | Reached skill level 7 in Unarmed Combat
  7994 | D:7      | Reached skill level 8 in Unarmed Combat
  8174 | D:7      | Found an iron altar of Okawaru.
  8210 | D:7      | Noticed a hippogriff
  8220 | D:7      | Killed a hippogriff
  8220 | D:7      | Reached XP level 9. HP: 50/53 MP: 8/14
  8260 | D:7      | Reached skill level 9 in Unarmed Combat
  9538 | D:8      | Reached skill level 10 in Unarmed Combat
 10320 | D:8      | Noticed Grum
 10330 | D:8      | Reached XP level 10. HP: 31/63 MP: 6/15
 10611 | D:8      | Reached skill level 5 in Dodging
 10618 | D:8      | Killed Grum
 11133 | D:8      | Noticed a cyclops
 11139 | D:8      | Noticed Harold
 11144 | D:8      | Killed a cyclops
 11156 | D:8      | Killed Harold
 11460 | D:8      | Learned a level 5 spell: Blade Hands
 11546 | D:9      | Found a staircase to the Lair.
 11546 | D:9      | Noticed an elephant
 11643 | D:9      | Killed an elephant
 11643 | D:9      | Reached skill level 11 in Unarmed Combat
 11821 | D:9      | Noticed a two-headed ogre
 11833 | D:9      | Killed a two-headed ogre
 12148 | D:9      | Reached XP level 11. HP: 72/72 MP: 13/17
 12555 | D:9      | Noticed a +0 hand axe
 12556 | D:9      | Noticed a +0 dagger
 12821 | D:9      | Found a hide-covered altar of Uskayaw.
 12856 | D:9      | Reached skill level 5 in Spellcasting
 13084 | D:9      | Reached skill level 12 in Unarmed Combat
 13116 | D:10     | Entered Level 10 of the Dungeon
 13123 | D:10     | Found a stormy altar of Qazlal.
 13135 | D:10     | Found Siyreged's Food Emporium.
 13141 | D:10     | Bought a ration for 65 gold pieces
 13141 | D:10     | Bought a ration for 65 gold pieces
 13141 | D:10     | Bought a ration for 65 gold pieces
 13141 | D:10     | Bought a ration for 65 gold pieces
 13141 | D:10     | Bought a ration for 65 gold pieces
 13141 | D:10     | Bought a ration for 65 gold pieces
 13141 | D:10     | Bought a ration for 65 gold pieces
 13141 | D:10     | Bought a ration for 65 gold pieces
 13141 | D:10     | Bought a ration for 65 gold pieces
 13400 | D:10     | Noticed Maurice
 13403 | D:10     | Killed Maurice
 13419 | D:10     | Identified the Catalogue of Loss
 13871 | D:11     | Reached skill level 5 in Stealth
 14055 | D:11     | Noticed Josephine
 14266 | D:11     | Killed Josephine
 14268 | D:11     | Found a staircase to the Orcish Mines.
 14523 | D:11     | Noticed a two-headed ogre
 14532 | D:11     | Killed a two-headed ogre
 14960 | Lair:1   | Entered Level 1 of the Lair of Beasts
 15009 | Lair:1   | Noticed an oklob plant
 15009 | Lair:1   | Noticed an oklob plant
 15009 | Lair:1   | Noticed an oklob plant
 15010 | Lair:1   | Noticed an oklob plant
 15010 | Lair:1   | Noticed an oklob plant
 15544 | Lair:1   | Reached XP level 12. HP: 80/81 MP: 11/19
 17212 | Lair:1   | Bought the ring of Ychobeush {+Inv rF+ rN+ Int+4} for 670
                  | gold pieces
 17847 | Lair:2   | HP: 4/100 [wolf (6)]
 18152 | Lair:2   | Found a staircase to the Snake Pit.
 18183 | Lair:2   | Noticed a five-headed hydra
 18191 | Lair:2   | Killed a five-headed hydra
 18191 | Lair:2   | Reached skill level 13 in Unarmed Combat
 19073 | Lair:2   | Noticed a five-headed hydra
 19084 | Lair:2   | Killed a five-headed hydra
 19084 | Lair:2   | Reached XP level 13. HP: 83/89 MP: 10/20
 19251 | Lair:2   | Reached skill level 14 in Unarmed Combat
 21617 | Lair:4   | Found a staircase to the Shoals.
 21999 | Lair:4   | You fall through a shaft for 2 floors!
 21999 | Lair:6   | Entered Level 6 of the Lair of Beasts
 22096 | Lair:6   | Reached skill level 10 in Fighting
 22250 | Lair:6   | Reached skill level 5 in Transmutations
 24550 | Lair:5   | Reached XP level 14. HP: 99/99 MP: 21/24
 24602 | Lair:5   | Reached skill level 15 in Unarmed Combat
 26665 | Lair:6   | Found a staircase to the Slime Pits.
 27339 | Lair:6   | Slain by a hornet

Skill      XL: |  1  2  3  4  5  6  7  8  9 10 11 12 13 14 |
---------------+-------------------------------------------+-----
Transmutations | 3 4 7 |  7.2
Spellcasting   | 3 4 5 7 |  7.1
Ice Magic      | 3 4 |  4.5
Unarmed Combat | 5 8 10 11 12 13 14 15 | 15.9
Fighting       | 3 6 7 8 10 | 10.0
Dodging        | 4 6 7 9 |  9.8
Stealth        | 8 |  8.3

Action                   |  1- 3 |  4- 6 |  7- 9 | 10-12 | 13-15 || total
-------------------------+-------+-------+-------+-------+-------++-------
Melee: Unarmed           |    94 |   154 |   267 |   581 |   468 ||  1564
       Constrict         |    17 |    21 |    10 |    17 |     7 ||    72
       Tentacles         |    11 |     7 |    10 |    11 |     6 ||    45
       Punch             |     1 |       |       |    10 |     2 ||    13
       Kick              |     7 |    10 |       |       |       ||    17
 Cast: Beastly Appendage |    12 |    14 |       |       |       ||    26
       Spider Form       |     5 |    11 |       |       |       ||    16
       Sticks to Snakes  |       |     4 |     9 |    21 |    21 ||    55
       Ice Form          |       |     2 |    26 |    39 |    37 ||   104
       Blade Hands       |       |       |       |       |     2 ||     2
Invok: Potion Petition   |       |       |       |     2 |     1 ||     3
       Call Merchant     |       |       |       |     1 |       ||     1
  Use: Scroll            |       |     8 |     7 |     8 |     9 ||    32
       Potion            |       |       |     3 |     9 |     3 ||    15
 Stab: Sleeping          |     5 |     5 |     2 |     8 |    12 ||    32
       Distracted        |       |       |       |     5 |     4 ||     9
  Eat: Chunk             |     4 |    12 |     2 |       |       ||    18
       Ration            |       |       |     6 |    11 |     8 ||    25
Armor: Skin              |    13 |    14 |    60 |    80 |    65 ||   232
Dodge: Dodged            |   105 |   133 |   141 |   352 |   289 ||  1020
